Zazza, neutral female human Tourist # # # ----- -+-.--|-- ----- --------- |...+#########|........#######|.>.|# |.......+# |...| #|.>.....| #+...|# ------------- |.......|# |...-#########|........#######|...|# |...........| |.......|# |...| #|..{....| #-----# #-...........| ---------# |...| #--------- #k########### #|.....<.....| # -.-.- ################ # #............| # ### # ###----|-------- # ## # # # ## # ## Z# # ##### # ## ### @---|-# # ### #-----|-.----- #f...|### # #|...........| |...-########## ## #|...........| ---- |...| ---|---.-- #............| |..| ----- |)....{..| |...........| |..| |........| |...........| ---- |........| ------------- ---------- # Zazza the Sightseer Experience level: 3 Strength: 16 Dexterity: 9 Constitution: 17 Intelligence: 13 Wisdom: 8 Charisma: 13 Health: 0(25) Energy: 10(10) Def: 6 Gold: 1044 Moves: 1750 Dungeon seed: DuVkWrd10J29hi_b Game ID: Zazza_1532676444 Your Inventory: Coins $ - 1044 gold pieces Amulets p - an uncursed amulet of ESP (being worn) Weapons a - 37 +2 darts (in quiver) z - a +0 elven dagger (weapon in hand) Armor e - an uncursed +0 Hawaiian shirt (being worn) r - an uncursed +0 orcish helm (being worn) N - an uncursed +0 elven mithril-coat (being worn) Comestibles b - 3 uncursed tripe rations d - 2 uncursed eggs f - 2 uncursed carrots g - an uncursed tin of newt meat h - 2 uncursed food rations i - an uncursed tin of lichen j - 2 uncursed pears k - 2 uncursed pancakes o - an uncursed clove of garlic Scrolls m - 4 uncursed scrolls of magic mapping s - an uncursed scroll of create monster Spellbooks t - an uncursed spellbook of protection Potions l - 2 uncursed potions of extra healing v - 2 uncursed potions of see invisible A - an uncursed potion of restore ability Tools c - an uncursed credit card n - an expensive camera (0:43) Gems y - an uncursed worthless piece of black glass Spells and supernatural/magical abilities: Name Level Category Fail Memory W - pray for help -- divine ? -- Your skills at the end: Fighting Skills Weapon Skills dart [Basic] Spellcasting Skills Final Attributes: You were piously aligned. You were telepathic. You were lucky. You are dead. Vanquished creatures: 2 hobbits a brown mold 5 jackals 4 goblins 2 sewer rats 4 grid bugs 3 lichens a kobold zombie 4 newts 26 creatures vanquished. Voluntary challenges: You used a wielded weapon 5 times, starting on turn 1503. You read items or engraved 1 time, starting on turn 1667. You never genocided any monsters. You never polymorphed an object. You never changed form. You used no wishes. You never split a pudding. You never wrote Elbereth's name. You never violated your personal moral code. Dungeon overview: The Dungeons of Doom: levels 1 to 3 Level 1 (gold) an altar to The Lady, a fountain, a sink a long staircase Level 2 some fountains Level 3 <- You were here a potion shop, some fountains a long staircase History has recorded: On T:1 you entered the Dungeons of Doom to retrieve the Amulet of Yendor! On T:620 you reached level 2 of The Dungeons of Doom. On T:723 you advanced to experience level 2. On T:918 you advanced to experience level 3. On T:1234 you reached level 3 of The Dungeons of Doom. Score breakdown: Gold: 242 ( 8115 points) Experience: 3 levels ( 7878 points) Exploration: 3 levels ( 6.12%) ( 6123 points) Discoveries: 0 items ( 0.00%) ( 0 points) Valuables value: (no points given unless you survive) Artifact value: 0 ( 0 points) Variety of kills: 9 monsters ( 2.36%) ( 4610 points) Turncount: 1750 turns ( 0 points) Survival: died (score multiplied by 80%) Total score: 21380 Latest messages: The door opens. A - a purple-red potion. You displace Armand. The door opens. You hear the chime of a cash register. The kobold lord hits! You miss it. (2x) The kobold lord misses. You miss it. (2x) The kobold lord hits! You displace Armand. You hear some noises. You displace Armand. The kobold lord hits! You miss it. You hit it. The kobold lord hits! You hit it. (2x) The kobold lord hits! You displace Armand. The gnome zombie hits! You die... Final status: Aloha Zazza the Tourist, killed by a gnome zombie... You died in The Dungeons of Doom on dungeon level 3 with 21380 points, and 1044 pieces of gold, after 1750 moves. You were level 3 with a maximum of 25 hit points when you died.